[Event "Berliner IM-Turnier 2025"]
[Site "Berlin"]
[Date "2025.02.24"]
[Round "1.6"]
[White "Florstedt, Johannes"]
[Black "Zobel, Christian"]
[Result "1-0"]
[Annotator "TA"]
[ECO "B41"]
[WhiteElo "2349"]
[BlackElo "2188"]
[PlyCount "65"]
[EventDate "2025.02.23"]
[EventType "tourn"]
[EventCountry "GER"]
[SourceTitle "playchess.com"]
[Source "ChessBase"]
[SourceQuality "1"]
[TimeControl "40/5400+30:1800+30"]

1. e4 c5 2. Nf3 e6 3. d4 cxd4 4. Nxd4 a6 5. c4 Nf6 6. Nc3 Qc7 7. Be2 Be7 8. f4 d6 9. Be3 O-O 10. Rc1 b6 11. Bf3 Bb7 12. O-O Nbd7 13. g4 {[%emt 0:00:17][%cal Bg2g4,Bg4g5][%mdl 32] B41: Sicilian: Kan Variation: 5 c4.} Nc5 14. Qc2 e5 ({Black should play} 14... Ne8) 15. Nf5 {[%emt 0:01:00] White is clearly better.} g6 $146 (15... exf4 $16 16. Bxf4 g6) ({Predecessor:} 15... Rfe8 16. g5 Nfd7 17. Nxe7+ Rxe7 18. f5 b5 19. b4 Na4 20. Nxa4 bxa4 21. Qxa4 g6 {1-0 Maze,S (2557)-Tokman,A (2316) Titled Tuesday intern op 6th June blitz 2020 (4)}) 16. Nxe7+ Qxe7 17. g5 Nfd7 18. f5 gxf5 19. exf5 e4 20. Bg2 $36 {[%emt 0:00:50][%mdl 2048] White is in control.} f6 21. h4 {[%emt 0:04:42] White is more active.} (21. Rcd1 $16) 21... fxg5 22. hxg5 Qe5 (22... Ne5 $14) 23. f6 $1 $16 {[%emt 0:26:18] White attacks} Nd3 {[%emt 0:02:38] [#]} (23... Rf7 $16) 24. Ne2 $1 $18 Nxc1 25. Qxc1 Nc5 $2 {[%emt 0:02:35] Loses the game.} (25... Qe8 $16 {was called for.}) 26. Bd4 Qe8 {[%emt 0:01:01] [#]} 27. Ng3 $1 {[%emt 0:01:00] Nf5 is the strong threat.} (27. Nf4 e3 $16) 27... Ne6 28. Bxb6 Qg6 {[%emt 0:06:42] Black is weak on the dark squares} 29. Be3 Kh8 30. Nf5 d5 (30... Rad8 31. Qc3 Rf7) 31. cxd5 Nxg5 32. Bxg5 {[%emt 0:00:37] This pair of bishops is nice.} Rg8 33. f7 {[%emt 0:00:52] Weighted Error Value: White=0.12 (very precise) /Black=0.86  Loses game:     	---       	Black=1      Mistake:       	White=1     	Black=5      Inaccurate:     	---       	Black=3      OK:         	White=6     	Black=5      Best:        	White=1     	Black=3      Strong:       	White=3     	---} 1-0

[Event "Berliner IM-Turnier 2025"]
[Site "Berlin"]
[Date "2025.02.24"]
[Round "1.7"]
[White "Muse, Drazen"]
[Black "Poltorak, Sebastian"]
[Result "0-1"]
[Annotator "TA"]
[ECO "B24"]
[WhiteElo "2309"]
[BlackElo "2407"]
[PlyCount "74"]
[EventDate "2025.02.23"]
[EventType "tourn"]
[EventCountry "GER"]
[SourceTitle "playchess.com"]
[Source "ChessBase"]
[SourceQuality "1"]
[TimeControl "40/5400+30:1800+30"]

1. Nf3 c5 2. e4 e6 3. g3 Nc6 4. Bg2 Nf6 5. Nc3 d5 6. exd5 exd5 7. d4 cxd4 8. Nxd4 Bg4 9. Qd3 Bc5 10. Nxc6 bxc6 11. O-O O-O 12. Na4 {[%emt 0:05:05] B24: Closed Sicilian: 3 g3 sidelines.} Bd6 13. Be3 Qa5 14. b3 {[%emt 0:01:26] The position is equal.} Rfe8 15. Rfe1 Bh5 $146 ({Predecessor:} 15... Rad8 16. Bd2 Qc7 17. Rxe8+ Rxe8 18. Re1 Rxe1+ 19. Bxe1 Qe7 20. Bd2 h5 21. f3 Bc8 {½-½ Horvath,A (2469)-Fromm,M (2458) Budapest SixDays 08 GM-B 2023 (3)}) 16. Bd2 Qc7 17. Qa6 Ne4 18. Ba5 Qd7 19. f3 Ng5 20. Qd3 Bg6 21. Qc3 h5 22. f4 (22. Bb4 $142) 22... Ne4 $17 23. Qf3 Bf5 24. Bf1 (24. Bc3 $17) 24... Nc5 (24... h4 $19 25. Bg2 Qe6 (25... hxg3 $2 26. hxg3 Re7 27. c4 $19)) 25. Nb2 (25. Bd3 $17 {is a better defense.}) 25... Nb7 (25... h4 $19 26. Nd3 Ne4 27. gxh4 Rab8) 26. Rxe8+ Rxe8 27. Be1 Bxc2 28. Nd3 Nc5 $36 {[%emt 0:02:03][%mdl 2048] Black has strong initiative. Black has more active pieces.} 29. Ne5 (29. Bf2 $17 Bxd3 30. Bxd3) 29... Bxe5 30. fxe5 {[%emt 0:00:04] [#] Strongly threatening Qc3.} Bg6 (30... Rxe5 $2 31. Qc3 Re8 (31... Rxe1 $2 32. Rxe1 Bxb3 33. Qxc5 $18) 32. Qxc5 $18 (32. Qxc2 Ne4 $18)) 31. Bc3 (31. Qf4 $17) 31... Ne4 $19 32. Bb2 d4 ({Better is} 32... a5 $19 {And now ...Qa7+ would win.} 33. Rd1 Qa7+ 34. Bd4 c5) 33. Rd1 (33. Qf4 $17) 33... c5 (33... Rxe5 34. Rxd4 Qc8 35. Bg2 $17) 34. b4 $2 {[%emt 0:02:12] [#]} (34. Qf4) 34... Rb8 ({Weaker is} 34... cxb4 35. Rxd4 Ng5 36. Rxd7 $17) (34... Rxe5 35. bxc5 Ng5 (35... Rxc5 36. Rxd4 Qc6 37. Qe3 $17) 36. Qf4 Rxc5 37. Bxd4 $19) 35. a3 Ng5 ({Don't do} 35... cxb4 36. Rxd4 Qe7 37. axb4 $17) 36. Qe2 (36. Qf4 Ne6 (36... Nh3+ $2 37. Bxh3 Qxh3 38. Rc1 $17) 37. Qd2) 36... d3 (36... cxb4 $2 37. Rxd4 Qf5 38. Rf4 $19) 37. Qe3 Qg4 {[%emt 0:00:25] Weighted Error Value: White=0.39/Black=0.21 (precise)   Mistake:       	White=8     	Black=3      Inaccurate:     	White=1     	Black=2      OK:         	White=6     	Black=11     Best:        	White=1     	Black=2} 0-1

[Event "Berliner IM-Turnier 2025"]
[Site "Berlin"]
[Date "2025.02.24"]
[Round "1.8"]
[White "Moritz, Aron"]
[Black "Jakubowski, Krzysztof"]
[Result "1/2-1/2"]
[Annotator "TA"]
[ECO "B13"]
[WhiteElo "2276"]
[BlackElo "2449"]
[PlyCount "82"]
[EventDate "2025.02.23"]
[EventType "tourn"]
[EventCountry "GER"]
[SourceTitle "playchess.com"]
[Source "ChessBase"]
[SourceQuality "1"]
[TimeControl "40/5400+30:1800+30"]

1. e4 c6 2. d4 d5 3. exd5 cxd5 4. Bd3 Nf6 5. h3 Nc6 6. c3 g6 7. Nf3 {[%emt 0:00:22] B13: Caro-Kann: Exchange Variation and Panov-Botvinnik Attack.} Bf5 $1 {[%emt 0:00:08] 7...Bf5 is better than 7...Bg7.} 8. Ne5 Qb6 $146 (8... Bxd3 9. Nxd3 Bg7 10. Bf4 O-O) (8... Bxd3 9. Nxd3 Bg7 10. Bf4 O-O 11. O-O Ne4 12. Nd2 Nxd2 13. Qxd2 e6 14. g3 Rc8 {0-1 Matlakov,M (2674)-Tabatabaei,M (2623) Titled Tuesday intern op 08th Mar Early blitz 2022 (7)}) 9. O-O {[%emt 0:02:23] White has an edge.} e6 10. Qa4 Bxd3 11. Nxd3 Bd6 12. Bh6 Rg8 {[%emt 0:08:40] Inhibits Bg7.} 13. Be3 g5 14. Nd2 g4 15. h4 g3 16. fxg3 (16. Qd1 {simplifies} gxf2+ 17. Nxf2 Be7 18. Bg5) 16... Rxg3 17. Rxf6 Rxe3 18. Rf3 {[%emt 0:00:57] [#]} Re4 19. Raf1 (19. Nxe4 dxe4 20. Rf6 exd3 $17) (19. Rh3 Rg4) 19... Rxh4 {[%emt 0:00:00] Black attacks} 20. Rxf7 (20. Rf6 $142) 20... Bh2+ $17 21. Kh1 Bf4+ 22. Kg1 Be3+ (22... Bxd2 $2 23. Rf8+ Kd7 24. R1f7+ (24. Rxa8 Be3+ 25. Rf2 Bxf2+ 26. Kxf2 Kc7 $16) 24... Kd6 25. Rxa8 $18 (25. Qa3+ Nb4 $18)) (22... Kxf7 23. Nxf4 Kg8 (23... Qxb2 $2 24. Nd3+ Ke8 25. Nxb2 $18) 24. g3) 23. R1f2 O-O-O 24. Nf3 Rh5 (24... Rg4 25. Qc2 Rdg8 (25... Bxf2+ 26. Qxf2 Rdg8 27. Nfe1 $17)) 25. b4 {[%emt 0:05:19][%csl Oc3,Og2][%cal Od3c5] White has weak pawns} Rf5 26. Rxh7 Rg8 (26... Bxf2+ 27. Kxf2 Rdf8 28. Nc5 $11) 27. Kf1 Bxf2 28. Kxf2 {[%emt 0:00:30] [#]} Qa6 $2 ({Black should play} 28... Nxd4 $1 $17 29. Qd7+ Kb8) 29. Qxa6 $11 {[%emt 0:02:53] Successful Defense White} bxa6 30. Nc5 e5 {[%emt 0:00:25] The position is equal.} 31. dxe5 Nxe5 32. Rxa7 {[%emt 0:00:13] Ra8+ is the strong threat.} Rg4 ({Much worse is} 32... Ng4+ $6 33. Ke1 Kb8 34. Re7 $14 (34. Rxa6 Ne3 $11)) 33. Nxa6 Nxf3 34. gxf3 {[%emt 0:00:10][%mdl 4096] Endgame KRR-KRN} Rc4 35. b5 Rxc3 {[%emt 0:00:43][%cal Od5d4] Strongly threatening ...d4!.} 36. b6 Rfxf3+ 37. Ke2 Rfe3+ 38. Kd2 Red3+ 39. Ke2 Re3+ 40. Kd2 Red3+ 41. Ke2 {[%emt 0:31:18] White wants to mate with b7+.} Re3+ {[%emt 0:30:11] And White is the lucky defender.   Weighted Error Value: White=0.12 (very precise) /Black=0.10 (very precise)   Mistake:       	White=1     	Black=2      Inaccurate:     	White=3     	---        OK:         	White=13    	Black=17     Best:        	White=5     	Black=5      Brilliant:      	---       	Black=1} 1/2-1/2

[Event "Berliner IM-Turnier 2025"]
[Site "Berlin"]
[Date "2025.02.24"]
[Round "1.9"]
[White "Ahmadinia, Ebrahim"]
[Black "Schulze, Lara"]
[Result "1/2-1/2"]
[Annotator "TA"]
[ECO "B22"]
[WhiteElo "2404"]
[BlackElo "2266"]
[PlyCount "61"]
[EventDate "2025.02.23"]
[EventType "tourn"]
[EventCountry "GER"]
[SourceTitle "playchess.com"]
[Source "ChessBase"]
[SourceQuality "1"]
[TimeControl "40/5400+30:1800+30"]

1. e4 c5 2. c3 Nf6 3. e5 Nd5 4. Nf3 Nc6 5. d4 cxd4 6. cxd4 d6 7. Bc4 Nb6 8. Bb5 dxe5 9. Nxe5 Bd7 10. Nxd7 Qxd7 11. Nc3 e6 12. O-O a6 {[%emt 0:12:35] B22: Sicilian: 2 c3.} 13. Bxc6 Qxc6 14. Bg5 {[%emt 0:36:03] Recently 14.Qg4 got a lot of attention.} Bb4 15. Rc1 O-O $146 (15... h6 16. d5 Nxd5 17. Ne4 Qd7 18. Qh5 Be7 19. Rfd1 Bxg5 20. Nxg5 O-O 21. Ne4 Rac8 {½-½ Ali Marandi,C (2525)-Santos Ruiz,M (2555) Titled Tuesday intern op 2nd April blitz 2019 (6)}) 16. Qg4 f5 17. Qg3 Rac8 18. Bf4 {[%emt 0:05:03] Wards off Qd6} Qd7 19. Ne2 Rxc1 20. Rxc1 {[%emt 0:01:52] [#] and Rc7 would now be decisive} Rc8 21. Rxc8+ Qxc8 22. Be5 Bf8 {[%emt 0:01:31] White must now prevent ...Qc2.} 23. h4 Nd5 24. Qd3 {[%emt 0:05:06] The position is equal. Prevents Qc2.} Qc6 25. Kh2 Bd6 26. Qg3 {[%emt 0:00:54][%csl Ge5,LRd6,LRg7][%cal Rg3g7] [#]} Bxe5 27. Qxe5 Kf7 28. Nf4 Nxf4 29. Qxf4 Qc2 30. b3 Qc6 31. Qe5 {[%emt 0:01:22] A rather calm draw.   Weighted Error Value: White=0.03 (flawless) /Black=0.03 (flawless)   Inaccurate:     	---       	Black=1      OK:         	White=9     	Black=7      Best:        	---       	Black=1} 1/2-1/2

[Event "Berliner IM-Turnier 2025"]
[Site "Berlin"]
[Date "2025.02.24"]
[Round "1.10"]
[White "Yatskar, Martin"]
[Black "Noeldner, Julian"]
[Result "1/2-1/2"]
[Annotator "RC"]
[ECO "D78"]
[WhiteElo "2157"]
[BlackElo "2233"]
[PlyCount "69"]
[EventDate "2025.02.23"]
[EventType "tourn"]
[EventCountry "GER"]
[SourceTitle "playchess.com"]
[Source "ChessBase"]
[SourceQuality "1"]
[TimeControl "40/5400+30:1800+30"]

1. d4 Nf6 2. c4 g6 3. Nf3 Bg7 4. g3 c6 5. Bg2 d5 6. O-O O-O 7. Qb3 Qb6 8. Nc3 Rd8 9. cxd5 Nxd5 10. Nxd5 Rxd5 11. Qc2 Rd8 12. Bg5 Re8 13. Qd2 Nd7 14. e4 e5 15. Be3 exd4 16. Nxd4 Qa6 17. Bh6 Bxh6 18. Qxh6 c5 19. Nc2 Qf6 20. Ne3 Qg7 21. Qxg7+ Kxg7 22. Nd5 Rb8 23. f4 b5 24. a4 bxa4 25. Rxa4 Nb6 26. Nxb6 Rxb6 27. Rf2 Bb7 28. e5 Bxg2 29. Kxg2 a6 30. Rc2 f6 31. exf6+ Kxf6 32. Kf3 Rb3+ 33. Kf2 Re6 34. Ra3 Reb6 35. Rxb3 1/2-1/2

[Event "Berliner IM-Turnier 2025"]
[Site "Berlin"]
[Date "2025.02.25"]
[Round "2.6"]
[White "Zobel, Christian"]
[Black "Noeldner, Julian"]
[Result "1/2-1/2"]
[Annotator "RC"]
[ECO "D00"]
[WhiteElo "2188"]
[BlackElo "2233"]
[PlyCount "42"]
[EventDate "2025.02.23"]
[EventType "tourn"]
[EventCountry "GER"]
[SourceTitle "playchess.com"]
[Source "ChessBase"]
[SourceQuality "1"]
[TimeControl "40/5400+30:1800+30"]

1. d4 Nf6 2. Nf3 g6 3. Nc3 d5 4. e3 Bg7 5. Be2 O-O 6. Ne5 c5 7. f4 Nc6 8. g4 cxd4 9. exd4 Qb6 10. g5 Ne4 11. Nxe4 dxe4 12. c3 Nxe5 13. fxe5 f6 14. exf6 exf6 15. Qb3+ Qxb3 16. axb3 Be6 17. b4 f5 18. Rf1 Rfc8 19. Be3 Bf8 20. Kd2 Bd6 21. Bf4 Bxf4+ 1/2-1/2

[Event "Berliner IM-Turnier 2025"]
[Site "Berlin"]
[Date "2025.02.25"]
[Round "2.7"]
[White "Schulze, Lara"]
[Black "Yatskar, Martin"]
[Result "1/2-1/2"]
[Annotator "RC"]
[ECO "C77"]
[WhiteElo "2266"]
[BlackElo "2157"]
[PlyCount "93"]
[EventDate "2025.02.23"]
[EventType "tourn"]
[EventCountry "GER"]
[SourceTitle "playchess.com"]
[Source "ChessBase"]
[SourceQuality "1"]
[TimeControl "40/5400+30:1800+30"]

1. e4 e5 2. Nf3 Nc6 3. Bb5 a6 4. Ba4 Nf6 5. Nc3 d6 6. Bxc6+ bxc6 7. d4 Nd7 8. O-O a5 9. Be3 Be7 10. dxe5 dxe5 11. Nd2 O-O 12. Ne2 Re8 13. Ng3 Nf8 14. Nf5 Bxf5 15. exf5 Bg5 16. Ne4 Bxe3 17. fxe3 Qxd1 18. Rfxd1 Red8 19. Rxd8 Rxd8 20. Kf2 f6 21. b3 Kf7 22. Ke2 Ke7 23. Rd1 Nd7 24. Rd3 Ra8 25. Rc3 Ra6 26. Rc4 g6 27. g4 g5 28. Rc3 Rb6 29. Nd2 a4 30. bxa4 Ra6 31. Rc4 Kd6 32. Ne4+ Kd5 33. Kd3 c5 34. h3 Kc6 35. Kc3 Ra5 36. Kb3 Nb6 37. Nxf6 Nxc4 38. Kxc4 Rxa4+ 39. Kb3 Rb4+ 40. Kc3 h6 41. a3 Ra4 42. Kb3 Ra8 43. Ne4 Rb8+ 44. Kc4 Ra8 45. Kb3 Rb8+ 46. Kc4 Ra8 47. Kb3 1/2-1/2

[Event "Berliner IM-Turnier 2025"]
[Site "Berlin"]
[Date "2025.02.25"]
[Round "2.8"]
[White "Jakubowski, Krzysztof"]
[Black "Ahmadinia, Ebrahim"]
[Result "1/2-1/2"]
[Annotator "TA"]
[ECO "C55"]
[WhiteElo "2449"]
[BlackElo "2404"]
[PlyCount "131"]
[EventDate "2025.02.23"]
[EventType "tourn"]
[EventCountry "GER"]
[SourceTitle "playchess.com"]
[Source "ChessBase"]
[SourceQuality "1"]
[TimeControl "40/5400+30:1800+30"]

1. e4 e5 2. Nf3 Nc6 3. Bc4 Nf6 4. d3 Be7 5. O-O O-O 6. Re1 d6 7. a4 Na5 8. Ba2 {[%emt 0:00:33] C55: Two Knights: 4 d3, 4 d4 exd4 5 e5 and Max Lange Attack.} c5 9. Nbd2 Nc6 10. c3 {[%emt 0:00:00] White has an edge.} h6 11. Nf1 Re8 12. Ng3 Bf8 13. h3 d5 14. exd5 Nxd5 15. Nh2 $146 ({Predecessor:} 15. a5 Nf4 16. Bxf4 exf4 17. Rxe8 Qxe8 18. Ne4 Nxa5 19. Qd2 c4 20. Qxf4 Qa4 21. Qc1 {0-1 Ashton,A (2383)-Eckersley Waites,T (2314) BCF-chT1a 1718 (4NCL) 2017 (3.43)}) 15... Nf6 16. Ng4 Nxg4 17. hxg4 {[%emt 0:00:00][%cal Og4g5] A sharp opening} Be6 18. Ne4 Qd7 19. Re3 (19. Bxe6 $11 {is superior.} Rxe6 20. g5) 19... Bxa2 20. Rxa2 f6 (20... Re6 $11) 21. a5 Rad8 22. Ra4 Qf7 23. Rf3 c4 24. Qe2 {[%emt 0:04:13] [#]} (24. Bxh6 $14 {stays ahead.} Rxd3 25. Rxd3 cxd3 26. Be3) 24... Rxd3 (24... Qd7 $1 $17 {[%cal Oc6d4] ...Nd4! is the strong threat.} 25. Qc2 cxd3 26. Qb3+ Kh8) 25. Rxd3 $11 cxd3 26. Qxd3 Rd8 27. Qc2 a6 28. Be3 Rd7 29. f3 Qd5 (29... Ne7 30. Bc5 h5 31. gxh5 Qxh5 32. Qb3+ Qf7) 30. Bb6 Qd1+ 31. Qxd1 Rxd1+ 32. Kf2 Rc1 33. b4 Rc2+ 34. Kg3 Ne7 35. Ra1 $1 f5 $2 (35... Nd5 $11) 36. gxf5 $18 Nxf5+ 37. Kh3 (37. Kg4 $16 Nd6 38. Nxd6 Bxd6 39. Rd1) 37... Kf7 38. Rd1 {[%emt 0:00:16] [#] Wards off Nd6} Ke6 39. Rd8 Be7 40. Rb8 Nd6 41. Nxd6 (41. Nc5+ $14 Kd5 42. Nxb7) 41... Bxd6 $11 42. Rxb7 {[%emt 0:00:07] Strongly threatening Ra7.} Rxc3 $14 {[%emt 0:01:43][%mdl 4096] Endgame KRB-KRB} 43. b5 axb5 44. a6 $1 (44. Rxg7 Ra3 45. Kg4 Ra4+ 46. Kh5 b4 $15) 44... Rc8 45. Be3 {[%emt 0:08:50][%mdl 1024] White has compensation.} (45. Rxg7 $6 Kd5 $16) 45... b4 46. a7 Kd5 47. Bd2 (47. Rxg7 $6 Kc6 $16) (47. Kg3 {is interesting.} e4+ 48. Kf2 exf3 49. Kxf3 Ra8 50. Rxg7 b3 51. Rb7) 47... Kc6 48. Rb8 Rxb8 (48... Bxb8 $2 49. a8=Q+ (49. a8=B+ $2 {is the wrong capture.} Kb5 $19) 49... Kb6 50. Bxb4 $18) 49. axb8=Q Bxb8 50. Bxb4 $11 {[%emt 0:00:04] KB-KB. Black is a pawn up.} Bd6 51. Bd2 Kd5 52. g4 (52. Kg4 $1 $11) 52... Be7 53. Kg2 Bg5 54. Bb4 Kd4 55. Bf8 Bf6 (55... g6 $1 $15) 56. Ba3 Ke3 57. Bc1+ Ke2 (57... Kd3 $15) 58. Ba3 $1 Bg5 59. Bb2 (59. Bf8 $11) 59... Bf4 $15 {[%emt 0:00:09] Black is slightly better.} 60. Ba3 g6 61. Be7 Ke3 62. Bc5+ Kd3 63. Bf8 Bg5 64. Bg7 Kd4 65. Bf8 Kd5 66. Ba3 {[%emt 0:00:24] Weighted Error Value: White=0.19 (very precise) /Black=0.17 (very precise)   Loses game:     	---       	Black=1      Mistake:       	White=6     	Black=4      Inaccurate:     	White=6     	Black=2      OK:         	White=20    	Black=18     Best:        	White=3     	Black=3      Strong:       	White=3     	---} 1/2-1/2

[Event "Berliner IM-Turnier 2025"]
[Site "Berlin"]
[Date "2025.02.25"]
[Round "2.9"]
[White "Poltorak, Sebastian"]
[Black "Moritz, Aron"]
[Result "0-1"]
[Annotator "TA"]
[ECO "B50"]
[WhiteElo "2407"]
[BlackElo "2276"]
[PlyCount "104"]
[EventDate "2025.02.23"]
[EventType "tourn"]
[EventCountry "GER"]
[SourceTitle "playchess.com"]
[Source "ChessBase"]
[SourceQuality "1"]
[TimeControl "40/5400+30:1800+30"]

1. e4 c5 2. Nf3 d6 3. c3 Nf6 4. Be2 e5 5. O-O Be7 6. Bb5+ {[%emt 0:02:15] B50: Sicilian: 2...d6, Miscellaneous.} Nbd7 7. Re1 O-O 8. d4 {[%emt 0:01:47] White has an edge.} a6 9. Bf1 b6 10. Nbd2 Bb7 11. d5 g6 12. g3 $146 (12. Bd3 Ne8 13. g4 Ndf6 14. h3 h5 15. Nh2 Kg7 16. Ndf1 Rh8 17. c4 hxg4 18. hxg4 {0-1 Khamrakulov,D (2496)-Vorontsov,P (2559) Saint Louis Winter GM 2018 (6)}) 12... Ne8 13. h4 Ng7 14. Nc4 b5 15. Ne3 f5 {[%emt 0:04:03] Inhibits Ng4.} 16. exf5 gxf5 17. Bh3 (17. a4 $1 $11) 17... e4 $17 18. Nh2 Ne5 19. Ng2 {[%emt 0:00:19] Black keeps a firm grip on the game.} (19. h5 $15) 19... Nd3 {[%emt 0:01:07] Black is more active.} 20. Nf4 Nxe1 21. Qxe1 Bf6 22. Be3 Qe7 23. Qd2 Qf7 24. Re1 Rae8 25. Rd1 Kh8 26. b3 (26. Qe2 $17) 26... Bc8 27. c4 Bd7 28. Qe2 bxc4 29. Qxc4 Bb5 30. Qc1 Be5 31. a4 Bd7 32. Bf1 Rb8 33. Qc2 (33. Bc4) 33... Nh5 $19 34. Bxa6 Nxf4 35. gxf4 Bf6 36. Kf1 (36. Nf1 {keeps fighting.}) 36... Qh5 ({Not} 36... Bxh4 37. Bc4 $19) 37. Ke1 Qxh4 (37... Bxh4 $2 38. Nf1 $19) 38. Nf1 Rg8 39. Kd2 {[%emt 0:01:48] [#]} (39. Be2 $142) 39... Bxa4 $1 40. Bc4 (40. Rb1 Be8) 40... Bb5 41. Bxb5 Rxb5 42. Ng3 Qg4 43. Qc4 Rgb8 44. Rb1 Ra5 45. Kc1 Ra2 {[%emt 0:00:00] [#] ...Rb4 is the strong threat.} 46. Qf1 Bd4 (46... Bc3 $142 47. Qd1 Bb2+ 48. Kd2 Bd4+ 49. Ke1 Bc3+ (49... Bxe3 $2 50. Qxg4 Bxf2+ 51. Kf1 $19) 50. Bd2 Bxd2+ (50... Rxd2 $2 51. Qxg4 Rb2+ 52. Kd1 $19) 51. Qxd2 Rxd2 52. Kxd2 Qxf4+ 53. Ke1 e3 54. fxe3 Qxg3+ 55. Kd2 Qf2+ 56. Kd3 c4+ 57. Kc3 Qe2 (57... Qxe3+ 58. Kxc4 Qe4+ 59. Kc3 Rc8+ 60. Kb2 Qd4+ 61. Ka3 Ra8#) (57... cxb3 58. Rb2 Qxe3+ 59. Kc4 Rc8+ 60. Kb5 Qc5+ 61. Ka4 Ra8+ 62. Kxb3 Ra3#) 58. bxc4 Rxb1 59. c5 dxc5 60. d6 Rb2 61. d7 Qc2#) 47. Qe1 Rb7 48. b4 Bf6 {[%emt 0:00:00] ( -> ...cxb4)} 49. b5 Qg8 {[%emt 0:00:00] Black mates.} 50. Qd1 Qa8 51. Qb3 Ra3 52. Qd1 Rc3+ {[%emt 0:00:00] Weighted Error Value: White=0.83/Black=0.15 (very precise)   Mistake:       	White=6     	---        Inaccurate:     	White=6     	Black=2      OK:         	White=5     	Black=17     Best:        	White=3     	Black=1} (52... Rxb5 $142 53. Qc2 Rxb1+ 54. Qxb1 Ra1 (54... Qxd5 $2 55. Qb8+ Kg7 56. Nxf5+ Qxf5 57. Qc7+ Kg6 58. Qxd6 $19) 55. Qxa1 Qxa1+ 56. Kc2 Qb2+ 57. Kd1 Qb1+ 58. Kd2 Bd8 59. Ne2 Ba5+ 60. Nc3 Qd3+ (60... Kg7 {is a self mate.} 61. f3 Qd3+ 62. Kc1 Qxe3+ 63. Kc2 Qxc3+ 64. Kb1 exf3 65. Ka2 Qc2+ 66. Ka3 Bb4#) 61. Kc1 Bxc3 (61... Qxc3+ 62. Kb1 Bb4 63. Bc1 Qb3+ 64. Bb2+ Bc3 65. Kc1 Qxb2+ 66. Kd1 Qd2#) 62. f3 Qxe3+ 63. Kc2 Qd2+ (63... exf3 64. Kb3 f2 65. Ka4 f1=Q 66. Kb3 Bg7+ 67. Kc2 Qfd3#) 64. Kb3 Qb2+ 65. Kc4 Qb4#) 0-1

[Event "Berliner IM-Turnier 2025"]
[Site "Berlin"]
[Date "2025.02.25"]
[Round "2.10"]
[White "Florstedt, Johannes"]
[Black "Muse, Drazen"]
[Result "1-0"]
[Annotator "TA"]
[ECO "B00"]
[WhiteElo "2349"]
[BlackElo "2309"]
[PlyCount "53"]
[EventDate "2025.02.23"]
[EventType "tourn"]
[EventCountry "GER"]
[SourceTitle "playchess.com"]
[Source "ChessBase"]
[SourceQuality "1"]
[TimeControl "40/5400+30:1800+30"]

1. e4 Nc6 2. Nf3 d6 3. d4 Nf6 4. Nc3 g6 5. d5 Nb8 6. Be3 {[%emt 0:00:26] B00: Queen's Fianchetto Defence, Nimzowitsch Defence.} Bg7 7. Qd2 c6 8. h3 {[%emt 0:01:42] The position is equal.} O-O {[%emt 0:00:26] has lost popularity (8...Nbd7).} 9. O-O-O cxd5 (9... b5 $11) 10. exd5 $14 Bd7 $146 ({Black should try} 10... Nbd7 $14) ({Predecessor:} 10... Nbd7 11. Bh6 a6 12. h4 Qb6 13. Bxg7 Kxg7 14. h5 Ng4 15. Nd4 Ndf6 16. f3 Ne5 {1-0 Ljepic,A (1786)-Shearsby,J (1532) EU-ch U10 Bratislava 2019 (4)}) 11. Bh6 $16 {[%emt 0:07:35] White is more active.} Qb6 12. Bxg7 Kxg7 13. g4 Na6 14. Nd4 Kg8 15. Bg2 Rac8 16. Rhe1 Rfe8 17. f4 Nc5 (17... Qa5 $16 {keeps fighting.}) 18. Re3 ({White should play} 18. Bf3 $1 $18) 18... Na4 19. Nxa4 Bxa4 20. b3 Bd7 {[%emt 0:00:40] [#]} 21. Rde1 $1 Kf8 (21... a5 $16) 22. f5 $18 Qc5 23. Kb1 Nxd5 $2 {[%emt 0:02:52] White has space advantage and is better} (23... a5) 24. Bxd5 Qxd5 25. Rd3 {[%emt 0:01:12] and Nf3 should not be overlooked} Kg8 26. Qh6 ({Weaker is} 26. Ne6 Qc6 $16) 26... Qc5 {[%emt 0:06:47] [#]} (26... Qa5 $18) 27. Rxe7 $1 {[%emt 0:00:50] Weighted Error Value: White=0.05 (flawless) /Black=0.67  Mistake:       	White=1     	Black=6      Inaccurate:     	White=1     	---        OK:         	White=10    	Black=8      Best:        	White=1     	---        Strong:       	White=1     	---        Brilliant:      	White=1     	---} 1-0

[Event "Berliner IM-Turnier 2025"]
[Site "Berlin"]
[Date "2025.02.25"]
[Round "3.6"]
[White "Muse, Drazen"]
[Black "Zobel, Christian"]
[Result "1/2-1/2"]
[Annotator "RC"]
[ECO "A34"]
[WhiteElo "2309"]
[BlackElo "2188"]
[PlyCount "41"]
[EventDate "2025.02.23"]
[EventType "tourn"]
[EventCountry "GER"]
[SourceTitle "playchess.com"]
[Source "ChessBase"]
[SourceQuality "1"]
[TimeControl "40/5400+30:1800+30"]

1. Nf3 Nf6 2. c4 c5 3. Nc3 d5 4. cxd5 Nxd5 5. g3 Nc6 6. Bg2 Nxc3 7. bxc3 e5 8. O-O Be7 9. Ne1 O-O 10. Nc2 Be6 11. d3 Qd7 12. Ne3 Bh3 13. Bxh3 Qxh3 14. Rb1 b6 15. Qa4 Rac8 16. Qe4 f5 17. Qd5+ Kh8 18. Qg2 Qh5 19. f4 exf4 20. gxf4 Bd6 21. Qf3 1/2-1/2